Map: 瑟拉斯遺跡

Players

Sen

  • Race: Zerg Zerg
  • League: Master

Rex - Winner!

  • Race: Zerg Zerg
  • League: Grandmaster

Event: 2016 WCS Winter Challenger Taiwan

VOD

Have the link to the VOD?

Description

Time

  • Played on: Jan. 16, 2016, 9:21 a.m.
  • Length: 13:12

All games in this series

Show
View Real Time Build Order
Export as new Build Order

Sen Zerg 

Build Orders: Pool First 

Get SALT Encoding   

  12  0:00  Drone  
  13  0:08  Drone  
  14  0:17  Overlord  
  14  0:24  Extractor  
  14  0:25  Drone  
  15  0:35  Drone x2  
  17  0:46  Spawning Pool  
  16  0:50  Drone  
  16  0:55  Drone  
  18  1:13  Hatchery  
  18  1:16  Extractor  
  18  1:18  Drone  
  17  1:21  Drone  
  18  1:30  Drone  
  19  1:34  Queen  
  21  1:40  Overlord  
  21  1:51  Drone  
  22  2:04  Zergling x2  
  23  2:11  Queen  
  23  2:13  Drone  
  26  2:20  Metabolic Boost  
  26  2:21  Overlord  
  26  2:26  Drone  
  27  2:34  Drone  
  28  2:37  Drone  
  28  2:42  Baneling Nest  
  28  2:44  Drone  
  28  2:45  Drone x2  
  28  2:47  Drone  
  32  2:59  Zergling x4  
  34  3:14  Drone x2  
  34  3:15  Hatchery  
  34  3:16  Zergling x2  
  36  3:24  Overlord  
  36  3:25  Drone x2  
  38  3:40  Drone  
  38  3:41  Drone x4  
  42  3:46  Overlord  
  42  3:50  Drone x3  
  42  3:52  Roach Warren  
  44  3:57  Extractor  
  44  3:58  Overlord  
  44  4:00  Queen  
  45  4:05  Baneling x2  
  45  4:08  Zergling x6  
  47  4:22  Overlord  
  47  4:26  Baneling  
  47  4:27  Baneling  
  47  4:30  Zergling x2  
  47  4:31  Zergling x6  
  51  4:34  Roach x5  
  61  4:43  Overlord  
  61  4:50  Roach x4  
  69  4:56  Overlord  
  69  4:59  Overlord  
  68  5:02  Roach  
  69  5:22  Baneling x9  
  69  5:26  Zergling x20  
  78  5:31  Zergling x2  
  78  5:32  Zergling x6  
  81  5:41  Zergling x8  
  84  5:48  Zergling x2  
  84  5:49  Zergling x8  
  86  5:58  Zergling x6  
  86  6:04  Zergling x12  
  78  6:20  Zergling x8  
  78  6:22  Queen  
  78  6:23  Queen  
  78  6:24  Drone  
  64  6:34  Drone, Spore Crawler  
  64  6:36  Drone x2  
  64  6:39  Drone, Spore Crawler  
  65  6:44  Drone, Spore Crawler  
  65  6:45  Drone  
  60  6:55  Spore Crawler  
  60  6:59  Roach x4  
  67  7:06  Roach x2  
  71  7:15  Roach x4  
  75  7:23  Queen  
  75  7:28  Queen  
  79  7:34  Spore Crawler  
  78  7:40  Drone  
  78  7:41  Drone x3  
  78  7:42  Drone x2  
  78  7:43  Spore Crawler  
  79  7:52  Drone x6  
  79  7:57  Spore Crawler  
  74  8:05  Drone  
  74  8:06  Drone x2  
  74  8:10  Extractor  
  71  8:16  Queen  
  73  8:21  Queen  
  73  8:30  Drone  
  72  8:35  Drone  
  72  8:36  Drone x3  
  75  8:41  Lair  
  75  8:46  Evolution Chamber  
  74  8:54  Drone x3  
  74  8:55  Drone  
  78  8:57  Extractor  
  78  8:59  Queen  
  75  9:05  Spore Crawler  
  75  9:07  Overlord  
  71  9:10  Drone x2  
  72  9:21  Queen  
  70  9:30  Overlord  
  70  9:34  Roach x3  
  70  9:35  Queen  
  78  9:39  Queen  
  80  9:46  Drone  
  80  9:48  Overseer  
  79  9:57  Glial Reconstitution  
  78  10:02  Drone x3  
  78  10:06  Drone, Extractor  
  84  10:07  Drone x8  
  84  10:13  Roach x3  
  94  10:30  Overlord x2  
  94  10:31  Hydralisk Den  
  94  10:32  Queen  
  95  10:39  Overlord x2  
  95  10:46  Overlord  
  95  10:47  Overlord  
  87  10:53  Drone  
  87  10:54  Roach x2  
  87  10:55  Ravager x2  
  87  10:56  Ravager x3  
  97  11:04  Muscular Augments  
  97  11:05  Evolution Chamber  
  97  11:07  Queen  
  98  11:16  Roach x7  
  104  11:24  Roach x3  
  108  11:45  Hydralisk x5  
  108  11:54  Roach  
  108  11:59  Roach x2  
  110  12:08  Roach x4  
  110  12:14  Roach  
  89  12:22  Hydralisk  
  89  12:24  Hydralisk  
  93  12:37  Hatchery  
  93  12:40  Ravager x4  
  93  12:41  Ravager  
  97  12:44  Roach  
  97  12:47  Roach  
Show
View Real Time Build Order
Export as new Build Order

Rex Zerg - Winner!

Build Orders: Hatch First 

Get SALT Encoding   

  12  0:01  Drone  
  13  0:08  Drone  
  14  0:17  Overlord  
  14  0:23  Extractor  
  14  0:24  Drone  
  15  0:36  Drone x2  
  17  0:53  Hatchery  
  16  0:58  Drone  
  16  1:00  Drone  
  16  1:03  Extractor  
  17  1:17  Spawning Pool  
  16  1:21  Drone  
  16  1:24  Drone  
  18  1:34  Drone  
  19  1:41  Drone  
  20  1:48  Overlord  
  20  2:03  Queen  
  20  2:04  Metabolic Boost  
  20  2:08  Queen  
  22  2:12  Drone  
  25  2:15  Drone  
  25  2:18  Drone  
  25  2:22  Drone  
  28  2:24  Drone  
  29  2:35  Baneling Nest  
  29  2:36  Drone x2  
  30  2:40  Zergling x2  
  30  2:43  Drone  
  32  2:51  Overlord  
  32  2:53  Drone  
  33  2:59  Zergling x2  
  33  3:03  Drone  
  35  3:14  Drone x4  
  35  3:18  Lair  
  39  3:22  Drone  
  39  3:23  Drone  
  39  3:25  Extractor  
  40  3:27  Overlord, Extractor  
  40  3:28  Zergling x2  
  40  3:33  Drone  
  41  3:38  Zergling x2  
  41  3:39  Spine Crawler, Zergling x2  
  41  3:41  Baneling x2  
  42  3:44  Zergling x4  
  42  3:46  Overlord  
  43  3:53  Zergling x2  
  43  3:55  Drone x2  
  46  3:58  Drone, Extractor  
  46  4:01  Drone  
  47  4:05  Drone  
  47  4:09  Drone  
  49  4:12  Drone  
  49  4:14  Drone  
  51  4:18  Spire  
  51  4:21  Drone  
  51  4:26  Drone x4  
  55  4:41  Drone  
  55  4:42  Overlord  
  55  4:45  Overlord  
  56  4:46  Overlord  
  55  4:58  Drone x5  
  58  5:04  Spine Crawler x3  
  58  5:06  Zergling x4  
  58  5:07  Zergling x2  
  58  5:09  Zergling x2  
  58  5:13  Zergling x2  
  59  5:14  Spine Crawler, Zergling x2  
  59  5:17  Zergling x2  
  60  5:21  Zergling x2  
  60  5:22  Baneling x3  
  60  5:24  Zergling x2  
  61  5:31  Overlord, Mutalisk x2  
  62  5:36  Mutalisk  
  62  5:39  Baneling x2  
  63  5:47  Mutalisk x2  
  63  5:48  Mutalisk  
  63  5:49  Spine Crawler  
  67  5:53  Mutalisk  
  67  5:55  Mutalisk  
  70  5:58  Drone  
  70  5:59  Drone  
  70  6:06  Zergling x2  
  67  6:14  Mutalisk  
  67  6:17  Zergling x2  
  67  6:18  Zergling x2  
  67  6:19  Zergling x2  
  67  6:21  Zergling x2  
  67  6:22  Zergling x2  
  68  6:25  Zergling x2  
  68  6:26  Zergling x6  
  68  6:29  Zergling x2  
  68  6:31  Zergling x2  
  69  6:37  Baneling  
  69  6:41  Baneling x2  
  69  6:46  Queen  
  71  6:54  Mutalisk  
  71  6:55  Overlord  
  71  6:56  Drone x2  
  71  7:00  Queen  
  77  7:06  Drone  
  77  7:07  Drone  
  79  7:20  Mutalisk  
  78  7:27  Mutalisk  
  79  7:35  Drone  
  80  7:44  Mutalisk  
  80  7:47  Hatchery  
  79  7:52  Drone x2  
  79  7:57  Zergling x2  
  79  7:58  Zergling x6  
  80  8:07  Mutalisk x2  
  80  8:08  Drone  
  80  8:09  Drone  
  80  8:11  Zergling x2  
  82  8:24  Drone x3  
  83  8:28  Mutalisk x2  
  87  8:39  Mutalisk  
  89  8:42  Drone  
  89  8:43  Drone x4, Roach Warren, Evolution Chamber  
  92  8:50  Zergling x6  
  92  8:51  Overseer  
  95  8:57  Drone  
  95  8:59  Queen  
  96  9:09  Zergling x6  
  99  9:11  Zerg Missile Weapons Level 1  
  99  9:12  Overlord  
  97  9:24  Roach  
  97  9:26  Roach x3  
  97  9:28  Overlord x4  
  97  9:31  Baneling x6  
  104  9:32  Overlord  
  104  9:38  Roach  
  106  9:39  Overlord  
  106  9:46  Roach  
  106  9:47  Roach  
  106  9:50  Roach x2  
  113  9:53  Roach x2  
  113  9:56  Roach  
  119  10:05  Roach x2  
  125  10:07  Roach x2  
  125  10:09  Overlord  
  125  10:10  Roach x5  
  125  10:11  Roach  
  125  10:12  Baneling x3, Roach  
  141  10:14  Roach  
  141  10:18  Roach  
  145  10:23  Roach  
  145  10:26  Roach  
  145  10:28  Roach  
  151  10:30  Roach  
  153  10:36  Roach x2  
  153  10:37  Roach  
  153  10:41  Roach x5  
  169  10:43  Overlord  
  169  10:50  Roach  
  169  10:57  Overlord  
  169  11:00  Overlord x2  
  166  11:12  Roach  
  166  11:18  Roach x8  
  162  11:29  Roach x5  
  168  11:33  Roach  
  168  11:34  Roach  
  168  11:35  Roach x2  
  168  11:36  Roach  
  174  11:43  Roach  
  174  11:45  Glial Reconstitution  
  168  11:56  Roach x8  
  168  12:01  Roach  
  181  12:04  Roach x3  
  181  12:07  Zergling x2  
  181  12:08  Zergling x2  
  184  12:14  Zergling x4  
  178  12:22  Zergling x2, Roach  
  181  12:26  Extractor, Roach  
  181  12:27  Overseer, Roach  
  181  12:28  Roach x2  
  188  12:30  Hatchery  
  188  12:32  Roach  
  188  12:36  Roach  
  191  12:40  Roach  
  191  12:42  Overlord  
Tags
 
Add a new tag
Caveats
  • Supply blocks, unpowered buildings, or Contaminate may cause inaccurate times.
  • Supply counts are checked every 10 seconds.